 Dungeon Crawl Stone Soup version 0.29-a0-194-g6e3aafee17 (webtiles) character file.

Game seed: 15880031932961051844

1544 siradein the Skirmisher (level 9, -1/62 HPs)
             Began as a Formicid Abyssal Knight on Feb 22, 2022.
             Was a Priest of Lugonu.
             Slain by a vampire (10 damage)
             ... on level 6 of the Dungeon.
             The game lasted 00:18:24 (6749 turns).

siradein the Skirmisher (Formicid Abyssal Knight)   Turns: 6749, Time: 00:18:25

Health: -1/62      AC: 10    Str: 19    XL:     9   Next: 11%
Magic:  9/13       EV: 14    Int:  9    God:    Lugonu [***...]
Gold:   303        SH: 11    Dex: 21    Spells: 8/8 levels left

rFire   . . .      SeeInvis +   q - +1 trident (protect)
rCold   . . .      Faith    .   c - +0 buckler
rNeg    . . .      Spirit   .   D - +0 leather armour {rPois}
rPois   +          Reflect  +   (helmet unavailable)
rElec   .          Harm     .   (no cloak)
rCorr   .          Rampage  .   (no gloves)
Will    .....                   (no boots)
Stlth   ++........              f - amulet of reflection
HPRegen 0.20/turn               e - +6 ring of dexterity
MPRegen 0.13/turn               (no ring)

@: under a protective aura
A: permanent stasis, dig shafts and tunnels, antennae 3, four strong arms, frail
1, subdued magic 1
a: Dig, Shaft Self, Renounce Religion, Depart the Abyss, Bend Space, Banish


You were on level 6 of the Dungeon.
You worshipped Lugonu.
Lugonu was most pleased with you.
You visited 1 branch of the dungeon, and saw 6 of its levels.
You visited the Abyss 1 time.

You collected 303 gold pieces.

Inventory:

Hand Weapons
 q - a +1 trident of protection (weapon)
Missiles
 b - 9 poisoned darts (quivered)
 u - 2 curare-tipped darts
Armour
 c - a +0 buckler (worn)
 D - a +0 leather armour of poison resistance (worn)
Jewellery
 e - a +6 ring of dexterity (left hand)
 f - an amulet of reflection (around neck)
 C - an amulet of guardian spirit
Wands
 w - a wand of digging (5)
 z - a wand of paralysis (11)
 A - a wand of acid (5)
Scrolls
 a - a scroll of enchant armour {unknown}
 d - 2 scrolls of noise {unknown}
 g - 2 scrolls of enchant weapon {unknown}
 j - 2 scrolls of immolation {unknown}
 k - a scroll of fog {unknown}
 l - 2 scrolls of teleportation {unknown}
 m - a scroll of amnesia {unknown}
 o - a scroll of silence {unknown}
 p - a scroll of vulnerability {unknown}
 s - a scroll of identify
 t - a scroll of magic mapping {unknown}
 x - a scroll of summoning {unknown}
 E - a scroll of acquirement {unknown}
Potions
 h - 3 potions of attraction
 i - a potion of brilliance
 n - 3 potions of flight
 r - 2 potions of curing


   Skills:
 + Level 5.7 Fighting
 + Level 4.8 Polearms
 + Level 5.1 Armour
 + Level 4.0 Dodging
 + Level 4.9 Shields
 + Level 5.7 Invocations


You had 8 spell levels left.
You didn't know any spells.
Your spell library contained the following spells:

 Spells                   Type           Power      Damage    Failure   Level
 Animate Skeleton         Necr           0%         N/A       45%         1
 Apportation              Tloc           0%         N/A       45%         1
 Beastly Appendage        Tmut           0%         N/A       45%         1
 Summon Small Mammal      Summ           0%         N/A       45%         1
 Static Discharge         Conj/Air       0%         N/A       61%         2
 Wereblood                Tmut           0%         N/A       61%         2
 Spider Form              Tmut/Pois      0%         N/A       83%         3
 Summon Guardian Golem    Hex/Summ       0%         N/A       83%         3
 Dispel Undead            Necr           0%         3d6       99%         4
 Fulminant Prism          Conj/Hex       0%         3d6       99%         4
 Iskenderun's Mystic Bla  Conj/Tloc      0%         2d3       99%         4
 Sticky Flame             Conj/Fire      0%         2d3       99%         4
 Lee's Rapid Deconstruct  Erth           0%         3d5*      100%        5
 Orb of Destruction       Conj           0%         9d5       100%        7
 Spellforged Servitor     Conj/Summ      0%         N/A       100%        7


Dungeon Overview and Level Annotations

Branches:
Dungeon (6/15)             Temple (0/1) D:5

Altars:
Xom


Innate Abilities, Weirdness & Mutations

You cannot be hasted, slowed, berserked, paralysed or teleported.
You can dig through walls and to a lower floor.
You have a pair of large antennae on your head. (SInv)
Your four strong arms can wield two-handed weapons with a shield.
You are frail. (-10% HP)
Your spells are a little easier to cast, but a little less powerful.


Message History

The vampire is heavily damaged.
You block the vampire's attack. The vampire bites you!
The vampire draws strength from your injuries!
You closely miss the vampire.
The vampire is moderately damaged.
You block the vampire's attack. The vampire bites you!
The vampire draws strength from your injuries!
You barely miss the vampire.
The vampire is lightly damaged.
The vampire completely misses you. The vampire bites you!
The vampire draws strength from your injuries!
You hit the vampire but do no damage.
Your weapon exudes an aura of protection.
The vampire hits you! You block the vampire's attack.
You are too injured to fight recklessly!
You are too injured to fight recklessly!
You are too injured to fight recklessly!
You are too injured to fight recklessly!
You hit the vampire.
The vampire is lightly damaged.
The vampire hits you. You block the vampire's attack.
You hit the vampire.
The vampire is lightly damaged.
The vampire hits you!
* * * LOW HITPOINT WARNING * * *
The vampire barely misses you.
You closely miss the vampire.
The vampire is lightly damaged.
The vampire closely misses you. You block the vampire's attack.
You puncture the vampire!
The vampire is heavily damaged.
The vampire draws life force from you!
* * * LOW HITPOINT WARNING * * *
The vampire is healed by the life force!
Press: ? - help, Shift-Dir - straight line, f/p - vampire
Aim: a vampire (moderately damaged, chance to affect: 69%)
The vampire struggles to resist.
You can no longer corrupt the fabric of space.
You block the vampire's attack. The vampire bites you!
You die...

#......^. #.....
#........ #.....
#........
#.....##+#######........
#................#####..
#...(............#...#..
.................#...#..
(................#...#..
(.....V@.........#.###..
.#+#####)#####'###.# ###
#...........#.....#
#.......<...#.....#
............#.....#
............#.....#
............#.....#
#...###....###...## ####
#....# #####


You could see a vampire.

Vanquished Creatures
  Grinder (D:4)
  A water moccasin (D:5)
  An ogre (D:2)
  A necrophage (D:5)
  A gnoll sergeant (D:6)
  A scorpion (D:4)
  A water moccasin skeleton (D:3)
  2 crimson imps (D:3)
  2 centaur zombies (D:5)
  A hound (D:6)
  A bullfrog skeleton (D:5)
  Ijyb (D:4)
  Terence (D:3)
  An iguana (D:5)
  A scorpion zombie (D:5)
  2 hound skeletons (D:4)
  9 gnolls
  7 adders
  4 worms
  4 dart slugs
  11 orcs
  6 ball pythons
  4 bats
  12 endoplasms
  3 giant cockroaches
  7 goblins
  9 hobgoblins
  6 jackals (D:1)
  11 kobolds
  4 quokkas
  6 frilled lizards
  5 rats
127 creatures vanquished.

Vanquished Creatures (others)
  A fungus (D:1)
  A plant (D:2)
2 creatures vanquished.

Grand Total: 129 creatures vanquished

Notes
Turn   | Place    | Note
-------+----------+-------------------------------------------
     0 | Abyss:1  | siradein the Formicid Abyssal Knight began the quest for
                  | the Orb.
     0 | Abyss:1  | Reached XP level 1. HP: 18/18 MP: 2/2
    14 | D:1      | Escaped the Abyss
    43 | D:1      | Reached skill level 1 in Dodging
   231 | D:1      | Found a faded altar of an unknown god.
   238 | D:1      | Reached XP level 2. HP: 24/24 MP: 3/3
   524 | D:1      | Reached XP level 3. HP: 29/29 MP: 4/4
   561 | D:1      | Reached ** piety under Lugonu
  1412 | D:1      | Reached skill level 1 in Shields
  1412 | D:1      | Reached XP level 4. HP: 23/36 MP: 6/6
  2249 | D:2      | Noticed an ogre
  2269 | D:2      | Killed an ogre
  2270 | D:2      | Reached XP level 5. HP: 42/42 MP: 7/7
  2641 | D:3      | Reached *** piety under Lugonu
  2706 | D:3      | Reached XP level 6. HP: 34/48 MP: 8/8
  2903 | D:3      | Found a shimmering altar of Xom.
  3037 | D:3      | Noticed Terence
  3049 | D:3      | Killed Terence
  3654 | D:3      | Reached XP level 7. HP: 53/55 MP: 9/9
  4247 | D:4      | Noticed Grinder
  4280 | D:4      | Killed Grinder
  4520 | D:4      | Noticed Ijyb
  4528 | D:4      | Killed Ijyb
  4529 | D:4      | Reached XP level 8. HP: 61/61 MP: 11/11
  4802 | D:5      | Entered Level 5 of the Dungeon
  4843 | D:5      | Reached skill level 5 in Fighting
  4915 | D:5      | Reached skill level 5 in Invocations
  4993 | D:5      | Reached **** piety under Lugonu
  5677 | D:5      | Reached XP level 9. HP: 37/68 MP: 11/13
  5844 | D:5      | Found a staircase to the Ecumenical Temple.
  6158 | D:5      | Gained mutation: Your magical capacity is low. (-10% MP)
                  | [potion of mutation]
  6158 | D:5      | Gained mutation: Your body sometimes deteriorates upon
                  | taking damage. [potion of mutation]
  6159 | D:5      | Lost mutation: Your body sometimes deteriorates upon taking
                  | damage. [potion of mutation]
  6159 | D:5      | Lost mutation: Your magical capacity is low. (-10% MP)
                  | [potion of mutation]
  6159 | D:5      | Gained mutation: Your spells are a little easier to cast,
                  | but a little less powerful. [potion of mutation]
  6159 | D:5      | Gained mutation: You are frail. (-10% HP) [potion of
                  | mutation]
  6225 | D:6      | Reached skill level 5 in Armour
  6749 | D:6      | Slain by a vampire

Illustrated notes

Levels and vault maps discovered:
D:1:      dpeg_arrival_pond, layout_basic, shapermc_ecumenical_altar_gd
D:2:      layout_loops_corners, kennysheep_path_1, serial_bayou_pond_b
D:3:      layout_basic, led_xom_imps, uniq_terence
D:4:      layout_basic, uniq_grinder, uniq_ijyb
D:5:      layout_loops_ring, temple_green
D:6:      layout_gridville

Skill      XL: |  1  2  3  4  5  6  7  8  9 |
---------------+----------------------------+-----
Dodging        | 1 2 3 4 |  4.0
Shields        | 1 2 3 4 |  4.9
Invocations    | 3 4 5 |  5.7
Fighting       | 4 5 |  5.7
Armour         | 3 4 5 |  5.1
Polearms       | 3 4 |  4.8

Action                   |  1- 3 |  4- 6 |  7- 9 || total
-------------------------+-------+-------+-------++-------
Melee: Spear             |   111 |   108 |       ||   219
       Trident           |       |    84 |   253 ||   337
Throw: Dart              |       |     3 |     6 ||     9
       Javelin           |       |       |     4 ||     4
Invok: Banish            |       |       |     1 ||     1
  Use: Scroll            |       |       |     6 ||     6
       Potion            |       |       |     2 ||     2
 Stab: Sleeping          |     1 |     1 |       ||     2
       Distracted        |       |       |     1 ||     1
Armor: Leather armour    |     6 |       |    29 ||    35
       Ring mail         |    17 |    22 |       ||    39
       Scale mail        |       |    10 |       ||    10
       Chain mail        |       |       |    47 ||    47
Dodge: Dodged            |    37 |    54 |    75 ||   166
Block: Buckler           |    23 |    60 |   123 ||   206
       Reflection        |       |       |     2 ||     2

Table legend: (Time is in decaauts)
 A = Elapsed time spent in this place.
 B = Non-inter-level travel time spent in this place.
 C = Inter-level travel time spent in this place.
 D = Time resting spent in this place.
 E = Time spent auto-exploring this place.
 F = Levels seen in this place.
 G = Mean time per level.
                   A        B        C        D        E       F      G
               +--------+--------+--------+--------+--------+-----+--------+
         Total |   6810 |   6610 |    200 |    635 |   4623 |   7 |  972.9 |
       Dungeon |   6796 |   6596 |    200 |    635 |   4620 |   6 | 1132.7 |
         Abyss |     14 |     14 |      0 |      0 |      3 |   1 |   14.0 |
               +--------+--------+--------+--------+--------+-----+--------+

Top non-repeatable levels by time:
     D:5: 1704 daAuts
     D:1: 1496 daAuts
     D:3: 1356 daAuts
     D:2: 1128 daAuts
     D:4: 856 daAuts
     D:6: 254 daAuts
 Abyss:1: 14 daAuts
